NWL (28 & UNDER)
CULVER CITY EXTRAS @ BISMARK BORDER GUARDS
04/11/2030
 
TOP OF THE 1ST
Culver City Extras batting - Pitching for Bismark Border Guards : RHP Michael Morris
Pitching: RHP Michael Morris
Batting: RHB Jamie Swyers 0-0: Called Strike
0-1: Ball
1-1: Foul Ball, location: 2F
1-2: Ball
2-2: Strikes out looking
Batting: RHB Jason McIntosh 0-0: Foul Ball, location: 2F
0-1: Called Strike
0-2: Strikes out looking
Batting: LHB Ernesto Meléndez 0-0: Ground out 1-3 (Groundball, 13)
Top of the 1st over - 0 runs, 0 hits, 0 errors, 0 left on base; Culver City 0 - Bismark 0
BOTTOM OF THE 1ST
Bismark Border Guards batting - Pitching for Culver City Extras : LHP Marcos Ortíz
Pitching: LHP Marcos Ortíz
Batting: RHB Alfredo Farías 0-0: Called Strike
0-1: Ball
1-1: Fly out, F7 (Line Drive, 8LS)
Batting: RHB Warren Martin 0-0: Called Strike
0-1: Ground out 4-3 (Groundball, 4M)
Batting: RHB Sergio Solíz 0-0: Ball
1-0: Foul Ball, location: 2F
1-1: Ball
2-1: Ball
3-1: Base on Balls
Batting: RHB Vincent Braun 0-0: Called Strike
Sergio Solíz is caught stealing 2nd base
Bottom of the 1st over - 0 runs, 0 hits, 0 errors, 0 left on base; Culver City 0 - Bismark 0
TOP OF THE 2ND
Culver City Extras batting - Pitching for Bismark Border Guards : RHP Michael Morris
Batting: LHB Trey Fitzpatrick 0-0: DOUBLE (Line Drive, 89D)
Batting: LHB Iván Espinosa 0-0: Ball
1-0: Called Strike
1-1: Foul Ball, location: 2F
1-2: Ground out 6-3 (Groundball, 6)
Trey Fitzpatrick to third
Batting: LHB Ramiro Venegas 0-0: Foul Ball, location: 2F
0-1: Ball
1-1: Ground out 4-3 (Groundball, 4)
Trey Fitzpatrick scores
Batting: RHB Marcos Liñares 0-0: Called Strike
0-1: Ground out 3-1 (Groundball, 34)
Top of the 2nd over - 1 run, 1 hit, 0 errors, 0 left on base; Culver City 1 - Bismark 0
BOTTOM OF THE 2ND
Bismark Border Guards batting - Pitching for Culver City Extras : LHP Marcos Ortíz
Batting: RHB Vincent Braun 0-0: Called Strike
0-1: Foul Ball, location: 2F
0-2: Ball
1-2: Ground out 5-3 (Groundball, 56)
Batting: RHB Leonard Harris 0-0: Ball
1-0: Ball
2-0: SINGLE (Groundball, 6D)
Batting: RHB Mario Carranza 0-0: Foul Ball, location: 2F
0-1: Called Strike
0-2: Ball
1-2: Strikes out swinging
Batting: RHB Danny Spode 0-0: Fielders Choice at 2nd, 6-4 (Groundball, 6)
Bottom of the 2nd over - 0 runs, 1 hit, 0 errors, 1 left on base; Culver City 1 - Bismark 0
TOP OF THE 3RD
Culver City Extras batting - Pitching for Bismark Border Guards : RHP Michael Morris
Batting: RHB John Stevens 0-0: Ball
1-0: Called Strike
1-1: Ground out 6-3 (Groundball, 6M)
Batting: RHB Jesús Herrera 0-0: Swinging Strike
0-1: Foul Ball, location: 2F
0-2: SINGLE (Groundball, 6MD)
Batting: RHB Jamie Swyers 0-0: Ball
1-0: Swinging Strike
1-1: Swinging Strike
1-2: Fly out, F9 (Line Drive, 9D)
Batting: RHB Jason McIntosh 0-0: Called Strike
0-1: Foul Ball, location: 2F
0-2: Fly out, F3 (Line Drive, 3)
Top of the 3rd over - 0 runs, 1 hit, 0 errors, 1 left on base; Culver City 1 - Bismark 0
BOTTOM OF THE 3RD
Bismark Border Guards batting - Pitching for Culver City Extras : LHP Marcos Ortíz
Batting: RHB José Vidal 0-0: Called Strike
0-1: Ball
1-1: Ball
2-1: Fly out, F6 (Line Drive, 6M)
Batting: LHB Kelsey Scott 0-0: Ball
1-0: Swinging Strike
1-1: Ball
2-1: Swinging Strike
2-2: Strikes out swinging
Batting: RHB Alfredo Farías 0-0: Called Strike
0-1: SINGLE (Groundball, 34D)
Batting: RHB Warren Martin 0-0: Called Strike
0-1: Called Strike
0-2: Strikes out looking
Bottom of the 3rd over - 0 runs, 1 hit, 0 errors, 1 left on base; Culver City 1 - Bismark 0
TOP OF THE 4TH
Culver City Extras batting - Pitching for Bismark Border Guards : RHP Michael Morris
Batting: LHB Ernesto Meléndez 0-0: Foul Ball, location: 2F
0-1: Ball
1-1: Foul Ball, location: 2F
1-2: Ball
2-2: Ball
3-2: DOUBLE (Line Drive, 9D)
Batting: LHB Trey Fitzpatrick 0-0: Swinging Strike
0-1: Ball
1-1: Ball
2-1: Ball
3-1: Base on Balls
Batting: LHB Iván Espinosa 0-0: Ball
1-0: Foul Ball, location: 2F
1-1: Foul Ball, location: 2F
1-2: Ball
2-2: Ball
3-2: Foul Ball, location: 2F
3-2: Base on Balls
Ernesto Meléndez to third
Trey Fitzpatrick to second
Batting: LHB Ramiro Venegas 0-0: Ball
1-0: Called Strike
1-1: Grounds into double play, 4-6-3 (Groundball, 4)
Ernesto Meléndez scores
Trey Fitzpatrick to third
Batting: RHB Marcos Liñares 0-0: Called Strike
0-1: Foul Ball, location: 2F
0-2: Ball
1-2: Foul Ball, location: 2F
1-2: Ball
2-2: Fly out, F9 (Line Drive, 89M)
Top of the 4th over - 1 run, 1 hit, 0 errors, 1 left on base; Culver City 2 - Bismark 0
BOTTOM OF THE 4TH
Bismark Border Guards batting - Pitching for Culver City Extras : LHP Marcos Ortíz
Batting: RHB Sergio Solíz 0-0: Ground out U3 (Groundball, 3)
Batting: RHB Vincent Braun 0-0: Called Strike
0-1: Ball
1-1: Ball
2-1: Ball
3-1: Ground out 5-3 (Groundball, 56)
Batting: RHB Leonard Harris 0-0: Ball
1-0: Ball
2-0: Ball
3-0: Called Strike
3-1: Fly out, F8 (Flyball, 8LM)
Bottom of the 4th over - 0 runs, 0 hits, 0 errors, 0 left on base; Culver City 2 - Bismark 0
TOP OF THE 5TH
Culver City Extras batting - Pitching for Bismark Border Guards : RHP Michael Morris
Batting: RHB John Stevens 0-0: Ball
1-0: Called Strike
1-1: Ball
2-1: Ball
3-1: Foul Ball, location: 2F
3-2: Strikes out looking
Batting: RHB Jesús Herrera 0-0: Ball
1-0: Ball
2-0: Ball
3-0: Called Strike
3-1: Called Strike
3-2: Fly out, F4 (Popup, 4)
Batting: RHB Jamie Swyers 0-0: Ball
1-0: Ground out 1-3 (Groundball, P)
Top of the 5th over - 0 runs, 0 hits, 0 errors, 0 left on base; Culver City 2 - Bismark 0
BOTTOM OF THE 5TH
Bismark Border Guards batting - Pitching for Culver City Extras : LHP Marcos Ortíz
Batting: RHB Mario Carranza 0-0: Called Strike
0-1: Ball
1-1: Foul Ball, location: 2F
1-2: Foul Ball, location: 2F
1-2: Strikes out swinging
Batting: RHB Danny Spode 0-0: Ground out U3 (Groundball, 34)
Batting: RHB José Vidal 0-0: Ball
1-0: Swinging Strike
1-1: Swinging Strike
1-2: Strikes out swinging
Bottom of the 5th over - 0 runs, 0 hits, 0 errors, 0 left on base; Culver City 2 - Bismark 0
TOP OF THE 6TH
Culver City Extras batting - Pitching for Bismark Border Guards : RHP Michael Morris
Batting: RHB Jason McIntosh 0-0: SOLO HOME RUN (Flyball, 7LD), Distance : 351 ft
Batting: LHB Ernesto Meléndez 0-0: Ball
1-0: DOUBLE (Flyball, 89D)
Batting: LHB Trey Fitzpatrick 0-0: Swinging Strike
0-1: Ball
1-1: Foul Ball, location: 2F
1-2: Ground out 4-3 (Groundball, 4)
Ernesto Meléndez to third
Batting: LHB Iván Espinosa 0-0: Called Strike
0-1: Called Strike
0-2: Foul Ball, location: 2F
0-2: Ball
1-2: Strikes out swinging
Batting: LHB Ramiro Venegas 0-0: Called Strike
0-1: Called Strike
0-2: Foul Ball, location: 2F
0-2: Ball
1-2: Fly out, F8 (Flyball, 8LD)
Top of the 6th over - 1 run, 2 hits, 0 errors, 1 left on base; Culver City 3 - Bismark 0
BOTTOM OF THE 6TH
Bismark Border Guards batting - Pitching for Culver City Extras : LHP Marcos Ortíz
Batting: LHB Kelsey Scott 0-0: Ball
1-0: Foul Ball, location: 2F
1-1: Foul Ball, location: 2F
1-2: Foul Ball, location: 2F
1-2: Ball
2-2: SINGLE (Line Drive, 78M)
Batting: RHB Alfredo Farías 0-0: Called Strike
0-1: Called Strike
0-2: Ball
1-2: Foul Ball, location: 2F
1-2: Strikes out swinging
Batting: RHB Warren Martin 0-0: Ball
1-0: Ball
2-0: Foul Ball, location: 2F
2-1: Ball
3-1: Base on Balls
Kelsey Scott to second
Batting: RHB Sergio Solíz 0-0: Ball
1-0: Called Strike
1-1: SINGLE (Groundball, 34D)
Kelsey Scott to third
Warren Martin to second
Runner from 3rd tries for Home, SAFE, no throw
Batting: RHB Vincent Braun 0-0: Ball
1-0: Called Strike
1-1: Called Strike
Warren Martin steals 3rd base
Sergio Solíz to second
1-2: Ball
2-2: Foul Ball, location: 2F
2-2: Foul Ball, location: 2F
2-2: Foul Ball, location: 2F
2-2: Ball
3-2: Base on Balls
Batting: RHB Leonard Harris 0-0: Called Strike
0-1: Ball
1-1: Foul Ball, location: 2F
1-2: Foul Ball, location: 2F
1-2: Strikes out swinging
Batting: RHB Mario Carranza 0-0: Ball
1-0: Ball
2-0: Called Strike
2-1: Fly out, F7 (Flyball, 7S)
Bottom of the 6th over - 1 run, 2 hits, 0 errors, 3 left on base; Culver City 3 - Bismark 1
TOP OF THE 7TH
Culver City Extras batting - Pitching for Bismark Border Guards : RHP Michael Morris
Batting: RHB Marcos Liñares 0-0: DOUBLE (Line Drive, 89D)
Batting: RHB John Stevens 0-0: Ball
1-0: Called Strike
1-1: Ball
2-1: Swinging Strike
2-2: Ball
3-2: Fly out, F8 (Flyball, 78M)
Batting: RHB Jesús Herrera 0-0: Called Strike
Marcos Liñares steals 3rd base
0-1: Ball
1-1: Ball
2-1: Foul Ball, location: 2F
2-2: Strikes out swinging
Batting: RHB Jamie Swyers 0-0: Swinging Strike
0-1: Foul Ball, location: 2F
0-2: Ball
1-2: Fly out, F8 (Flyball, 8RD)
Top of the 7th over - 0 runs, 1 hit, 0 errors, 1 left on base; Culver City 3 - Bismark 1
BOTTOM OF THE 7TH
Bismark Border Guards batting - Pitching for Culver City Extras : LHP Marcos Ortíz
Pitching: RHP Ernest Jiménez
Now at 1B: Norberto Muñóz
Batting: RHB Danny Spode 0-0: Foul Ball, location: 2F
0-1: Ball
1-1: Foul Ball, location: 2F
1-2: Ball
2-2: Ball
3-2: Ground out 6-3 (Groundball, 6)
Batting: RHB José Vidal 0-0: Ball
1-0: Ground out 5-3 (Groundball, 56)
Pitching: LHP Miguel Pazo
Batting: LHB Kelsey Scott 0-0: Ball
1-0: Ground out 3-1 (Groundball, 34)
Bottom of the 7th over - 0 runs, 0 hits, 0 errors, 0 left on base; Culver City 3 - Bismark 1
TOP OF THE 8TH
Culver City Extras batting - Pitching for Bismark Border Guards : RHP Michael Morris
Pitching: RHP Jim Thompson
Batting: RHB Jason McIntosh 0-0: Ball
1-0: SINGLE (Line Drive, 56D)
Pitching: LHP David Vance
Batting: LHB Ernesto Meléndez 0-0: Ball
1-0: Called Strike
1-1: Called Strike
1-2: Strikes out swinging
Batting: LHB Trey Fitzpatrick 0-0: Ball
1-0: Ball
2-0: Foul Ball, location: 2F
2-1: Ball
3-1: SINGLE (Flyball, 78S)
Jason McIntosh to second
Pinch Hitting: RHB Pancho Reyna 0-0: Called Strike
0-1: Foul Ball, location: 2F
0-2: Ball
1-2: Ball
2-2: Ball
3-2: Base on Balls
Jason McIntosh to third
Trey Fitzpatrick to second
Batting: LHB Ramiro Venegas 0-0: Swinging Strike
0-1: SINGLE (Groundball, 34D)
Jason McIntosh scores
Trey Fitzpatrick to third
Pancho Reyna to second
Runner from 3rd tries for Home, throw and OUT!
Pitching: LHP Vicente Mojica
Batting: RHB Marcos Liñares 0-0: Ball
1-0: Ball
2-0: Foul Ball, location: 2F
2-1: Ball
3-1: SINGLE (Groundball, 4MD)
Pancho Reyna to third
Ramiro Venegas to second
Runner from 3rd tries for Home, SAFE, no throw
Batting: RHB John Stevens 0-0: Ball
1-0: Fielders Choice at 2nd, 6-4 (Groundball, 6)
Top of the 8th over - 2 runs, 4 hits, 0 errors, 2 left on base; Culver City 5 - Bismark 1
BOTTOM OF THE 8TH
Bismark Border Guards batting - Pitching for Culver City Extras : LHP Miguel Pazo
Pitching: RHP José García
Now in RF: Joey Boyd
Batting: RHB Alfredo Farías 0-0: Swinging Strike
0-1: Ball
1-1: Swinging Strike
1-2: Foul Ball, location: 2F
1-2: Ball
2-2: Strikes out swinging
Batting: RHB Warren Martin 0-0: Ball
1-0: Swinging Strike
1-1: Ball
2-1: Foul Ball, location: 2F
2-2: Fly out, F6 (Popup, 6MD)
Batting: RHB Sergio Solíz 0-0: Fly out, F9 (Flyball, 9LD)
Bottom of the 8th over - 0 runs, 0 hits, 0 errors, 0 left on base; Culver City 5 - Bismark 1
TOP OF THE 9TH
Culver City Extras batting - Pitching for Bismark Border Guards : LHP Vicente Mojica
Batting: RHB Jesús Herrera 0-0: Ball
1-0: Ball
2-0: Foul Ball, location: 2F
2-1: SINGLE (Line Drive, 6D)
Batting: SHB Norberto Muñóz 0-0: Ball
1-0: Called Strike
1-1: Ball
2-1: Swinging Strike
2-2: Foul Ball, location: 2F
2-2: Grounds into double play, 1-6-3 (Groundball, 13)
Batting: RHB Jason McIntosh 0-0: Ball
1-0: Called Strike
1-1: Foul Ball, location: 2F
1-2: Strikes out swinging
Top of the 9th over - 0 runs, 1 hit, 0 errors, 0 left on base; Culver City 5 - Bismark 1
BOTTOM OF THE 9TH
Bismark Border Guards batting - Pitching for Culver City Extras : RHP José García
Batting: RHB Vincent Braun 0-0: Ball
1-0: Foul Ball, location: 2F
1-1: Ball
2-1: Ball
3-1: Fly out, F4 (Line Drive, 4M)
Batting: RHB Leonard Harris 0-0: Ball
1-0: Ground out 1-3 (Groundball, 15S)
Batting: RHB Mario Carranza 0-0: Foul Ball, location: 2F
0-1: Ball
1-1: Fly out, F7 (Flyball, 7D)
Bottom of the 9th over - 0 runs, 0 hits, 0 errors, 0 left on base; Culver City 5 - Bismark 1
Saturday, April 7th, 2018 - OOTP Baseball 18.8 Build 76